 Dungeon Crawl Stone Soup version 0.31-a0-1236-gaa9e43cceb (webtiles) character file.

Game seed: 6691504495497331134

181819 Ge0ff the Warrior (level 18, -7/119 HPs)
             Began as a Kobold Chaos Knight on Dec 14, 2023.
             Was a Plaything of Xom.
             Constricted to death by a shambling mangrove (19 damage)
             ... on level 3 of the Swamp on Dec 15, 2023.
             The game lasted 02:25:55 (43438 turns).

Ge0ff the Warrior (Kobold Chaos Knight)            Turns: 43438, Time: 02:25:55

Health: -7/119     AC: 18    Str: 11    XL:     18   Next: 59%
Magic:  21/32      EV: 14    Int: 21    God:    Xom [..*...]
Gold:   2822       SH: 16    Dex: 23    Spells: 21/37 levels left

rFire   + . .        a - +4 short sword (chaos)
rCold   + + .        Q - +3 buckler of the Doldrums {rPois Will+}
rNeg    + . .        b - +3 scale mail {Will+}
rPois   +            h - +1 hat {Stlth+}
rElec   .            G - +0 cloak
rCorr   .            j - +2 pair of gloves {Str+3}
SInv    .            p - +0 pair of boots
Will    +++..        c - amulet of reflection
Stlth   ++++++       n - ring of protection from fire
HPRegen 0.39/turn    L - ring of Dishonour {rC+ rN+ Int+5, =R}
MPRegen 0.23/turn

%: reflection
@: grasped by roots, constricted
A: small, no large weapons, nightstalker 3, antennae 1, talons 1, agile 1, cold
resistance 1, MP-powered wands
}: 1/15 runes: gossamer
a: Renounce Religion


You were on level 3 of the Swamp.
You worshipped Xom.
You were a toy of Xom.
You visited 6 branches of the dungeon, and saw 30 of its levels.

You collected 3869 gold pieces.
You spent 1047 gold pieces at shops.

Inventory:

Hand Weapons
 a - a +4 short sword of chaos (weapon)
 r - a +0 hand cannon of flaming
Missiles
 g - a throwing net {=F}
 v - 5 curare-tipped darts {=F}
 x - 6 datura-tipped darts {=F}
 R - 6 atropa-tipped darts
 Y - 19 boomerangs (quivered)
Armour
 b - a +3 scale mail of willpower (worn)
 h - a +1 hat of stealth (worn)
 j - a +2 pair of gloves of strength (worn)
 p - a +0 pair of boots (worn)
 G - a +0 cloak (worn)
 Q - the +3 buckler of the Doldrums (worn) {rPois Will+}
   (Xom gifted it to you on level 5 of the Lair of Beasts)

   rPois:     It protects you from poison Will+: It increases your willpower.
Jewellery
 c - an amulet of reflection (around neck)
 n - a ring of protection from fire (left hand)
 u - a +5 ring of evasion
 w - the ring of Muefourch {^Drain rC+ Will- Int+4 Slay+6}
   (You found it on level 13 of the Dungeon)

   [ring of protection from cold]

   Int+4:     It affects your intelligence (+4).
   Slay+6:    It affects your accuracy & damage with ranged weapons and melee
   (+6).
   rC+:       It protects you from cold.
   Will-:     It decreases your willpower.
   ^Drain:    It drains your maximum health when unequipped.
 D - the ring "Yriokil" {rElec rPois rCorr MP+9 Dex-2}
   (You found it on level 13 of the Dungeon)

   [ring of magical power]

   Dex-2:     It affects your dexterity (-2).
   rElec:     It insulates you from electricity.
   rPois:     It protects you from poison MP+9: It affects your magic capacity
   (+9).
   rCorr:     It protects you from acid and corrosion.
 L - the ring of Dishonour (right hand) {rC+ rN+ Int+5, =R}
   (You found it on level 3 of the Dungeon)

   [ring of protection from cold]

   Int+5:     It affects your intelligence (+5).
   rC+:       It protects you from cold.
   rN+:       It protects you from negative energy.
 S - a ring of wizardry
 U - a ring of see invisible
Wands
 d - a wand of digging (3)
 e - a wand of charming (6)
 f - a wand of flame (58)
 k - a wand of iceblast (3)
 s - a wand of mindburst (9)
 P - a wand of polymorph (24)
Scrolls
 i - 3 scrolls of identify
 m - 5 scrolls of revelation
 y - 3 scrolls of immolation
 B - 2 scrolls of blinking
 C - a scroll of poison
 E - a scroll of fear
 F - 2 scrolls of fog
 J - a scroll of silence {!r}
 T - 7 scrolls of teleportation
 V - 4 scrolls of vulnerability
Potions
 o - 2 potions of ambrosia
 q - 5 potions of curing
 z - 7 potions of brilliance
 A - 2 potions of attraction
 H - 6 potions of haste {!q}
 I - a potion of invisibility
 K - 5 potions of magic {!q}
 M - 8 potions of might
 N - 2 potions of cancellation {!q}
 X - a potion of enlightenment
 Z - a potion of berserk rage {!q}
Miscellaneous
 l - a lightning rod (inert)
 t - a tin of tremorstones (inert)
 O - a box of beasts (inert)


   Skills:
 + Level 15.2 Fighting
 - Level 14.0 Short Blades
 - Level 2.0 Throwing
 + Level 8.1 Armour
 - Level 10.0 Dodging
 + Level 10.7 Stealth
 - Level 12.2 Shields
 - Level 10.0 Spellcasting
 - Level 11.0 Hexes
 - Level 11.0 Summonings
 + Level 2.2 Ice Magic
 - Level 5.1 Evocations


You had 21 spell levels left.
You knew the following spells:

 Your Spells              Type           Power      Damage    Failure   Level
j - Petrify               Tmut/Erth      10%        N/A       98%         4
s - Summon Mana Viper     Hex/Summ       54%        N/A       11%         5
t - Confusing Touch       Hex            54%        N/A       1%          3
C - Ensorcelled Hibernat  Hex/Ice        76%        N/A       3%          2
S - Jinxbite              Hex            100%       N/A       1%          2

Your spell library contained the following spells:

 Spells                   Type           Power      Damage    Failure   Level
 Slow                     Hex            100%       N/A       1%          1
 Call Imp                 Summ           100%       N/A       1%          2
 Sigil of Binding         Hex            54%        N/A       1%          3
 Tukima's Dance           Hex            54%        N/A       1%          3
 Dazzling Flash           Conj/Hex       66%        N/A       11%         3
 Inner Flame              Hex/Fire       33%        N/A       11%         3
 Freeze                   Ice            80%        1d9       14%         1
 Kiss of Death            Conj/Necr      40%        2d8       34%         1
 Magic Dart               Conj           40%        1d5       34%         1
 Necrotise                Necr           40%        1d6       34%         1
 Sting                    Tmut/Pois      40%        1d5       34%         1
 Anguish                  Hex/Necr       16%        N/A       36%         4
 Fulminant Prism          Conj/Hex       16%        3d10      36%         4
 Leda's Liquefaction      Hex/Erth       16%        N/A       36%         4
 Frozen Ramparts          Ice            40%        1d7       38%         3
 Cigotuvi's Dreadful Rot  Necr/Pois/Air  20%        N/A       47%         2
 Searing Ray              Conj           20%        2d5       47%         2
 Summon Cactus Giant      Summ           27%        N/A       52%         6
 Metabolic Englaciation   Hex/Ice        19%        N/A       54%         5
 Hailstorm                Conj/Ice       15%        3d6       56%         3
 Mephitic Cloud           Conj/Pois/Air  10%        N/A       71%         3
 Vampiric Draining        Necr           10%        2d6       71%         3
 Summon Forest            Summ/Tloc      16%        N/A       71%         5
 Yara's Violent Unravell  Hex/Tmut       16%        3d8       71%         5
 Enfeeble                 Hex            27%        N/A       97%         7
 Brom's Barrelling Bould  Conj/Erth      10%        2d3       98%         4
 Dispel Undead            Necr           10%        3d9       98%         4
 Olgreb's Toxic Radiance  Pois           10%        N/A       98%         4
 Passage of Golubria      Tloc           10%        N/A       98%         4
 Vhi's Electric Charge    Tloc/Air       20%        N/A       98%         4
 Agony                    Necr           10%        N/A       100%        5
 Arcjolt                  Conj/Air       5%         1d15      100%        5
 Fireball                 Conj/Fire      5%         3d5       100%        5
 Iskenderun's Battlesphe  Conj           10%        2d6       100%        5
 Lee's Rapid Deconstruct  Erth           5%         3d6*      100%        5
 Bombard                  Conj/Erth      5%         9d2       100%        6
 Conjure Ball Lightning   Conj/Air       5%         3x3d6     100%        6
 Death Channel            Necr           5%         N/A       100%        6
 Plasma Beam              Fire/Air       5%         2x1d15    100%        6
 Malign Gateway           Summ/Tloc      16%        N/A       100%        7
 Orb of Destruction       Conj           5%         9d5       100%        7
 Spellforged Servitor     Conj/Summ      16%        N/A       100%        7
 Discord                  Hex            27%        N/A       100%        8
 Disjunction              Tloc           5%         N/A       100%        8
 Summon Horrible Things   Summ           27%        N/A       100%        8


Dungeon Overview and Level Annotations

Branches:
Dungeon (15/15) Zot: 24837  Temple (1/1) D:6 Zot: 5998    Lair (5/5) D:11 Zot: 23569
  Swamp (3/4) Lair:3 Zot: 13663  Spider (4/4) Lair:2 Zot: 16584   Slime (0/5) Lair:5
    Orc (2/2) D:9 Zot: 9636     Elf (0/3) Orc:2        Vaults (0/5) D:13
 Depths (0/4) D:15

Altars:
Ashenzari
Cheibriados
Dithmenos
Elyvilon
Fedhas
Gozag
Hepliaklqana
Kikubaaqudgha
Makhleb
Nemelex Xobeh
Okawaru
Qazlal
Ru
Sif Muna
Trog
Uskayaw
Vehumet
Wu Jian
Xom
Yredelemnul
Zin
The Shining One
Jiyva

Shops:
Orc:2 [=[!*

Annotations:
Swamp:2 2 transporters
Spider:4 exclusion: spark wasp, Arachne


Innate Abilities, Weirdness & Mutations

You are small and have problems with some larger weapons.
You are completely attuned to the shadows.
You have a pair of small antennae on your head.
You have sharp toenails.
You are agile. (Dex +4, Str/Int -1)
Your flesh is cold resistant. (rC+)
You expend magic power (3 MP) to strengthen your wands.


Message History

The spriggan rider closely misses you. The grasping roots constrict you!
* * * LOW HITPOINT WARNING * * *
You feel much better. You block the spriggan rider's attack.
You escape the roots grasp.
Xom smirks.
You detect creatures!
The tremorstone explodes into fragments!
The burst of rock shards engulfs the spriggan rider!!
You kill the hornet!
The spriggan falls from its now dead mount.
The burst of rock shards engulfs the shambling mangrove but does no damage.
The burst of rock shards engulfs the spriggan!!
You kill the spriggan!
The burst of rock shards engulfs the shambling mangrove but does no damage.
The tin is emptied!
Aiming: Iceblast
Press: ? - help, Shift-Dir - straight line, f - shambling mangrove
Aim: a shambling mangrove (heavily damaged)
You feel a surge of power!
The mass of ice explodes!
The iceblast engulfs the shambling mangrove!
The shambling mangrove is severely damaged.
You hear a deafening roar!
Roots burst forth from the earth!
The grasping roots grab you! The grasping roots constrict you!
* * * LOW HITPOINT WARNING * * *
You escape the roots grasp.
Aiming: Iceblast
Press: ? - help, Shift-Dir - straight line, f/p - shambling mangrove
Aim: a shambling mangrove (severely damaged)
You feel a surge of power!
The mass of ice explodes!
The iceblast engulfs the shambling mangrove!
The shambling mangrove is severely damaged.
The iceblast engulfs the swamp dragon!!
The swamp dragon is moderately wounded.
Aiming: Iceblast
Press: ? - help, Shift-Dir - straight line, f/p - shambling mangrove
Aim: a shambling mangrove (severely damaged)
You feel a surge of power!
The mass of ice explodes!
The iceblast engulfs the shambling mangrove!!
The shambling mangrove is almost destroyed.
The iceblast engulfs the swamp dragon!!
The swamp dragon is severely wounded.
Roots burst forth from the earth!
The grasping roots grab you! The grasping roots constrict you!
* * * LOW HITPOINT WARNING * * *
You feel better. The grasping roots constrict you!!
You die...
Xom bursts into laughter!

♣..~.♣.≈≈≈.♣ ~~ ,
♣♣.....≈≈≈.♣ ..~.,~ ,
~♣....~.≈≈≈♣♣ ~ .D..♣ ~
~~.....~♣≈♣
##..####~~>..~..♣♣.~.~♣≈≈♣♣
~
#[..D.##~~..♣~♣♣♣.~~~♣♣♣≈≈♣
~~ ###.(..(†#~~..~♣♣~....♣♣
♣≈≈~
♣..#.†(.....#~~..~♣~.~~..♣
♣♣≈≈
....)(..[))..D.@...♣....♣♣
♣♣≈
♣~...(..(.)[.f..♣.~♣♣...♣♣
♣≈
~~.#†.....).#~.~♣♣♣.....~♣
♣♣≈
~.~#.....†(##~...♣.~.~♣~♣♣
♣≈≈ ♣~
#......###...~..~.~.♣♣ ♣≈≈
####..## #♣.~.~~♣♣~♣♣ ♣≈≈
... ♣~~.~♣♣♣♣♣ ♣≈. ~~ *
♣.~..♣♣♣ ♣≈≈ ♣.~~...♣ ♣♣≈


You could see a shambling mangrove and a swamp dragon.

Vanquished Creatures
  Rupert (D:12)
  A sphinx (Lair:1)
  Frances (Swamp:2)
  Kirke (Lair:5)
  A thorn hunter (Swamp:2)
  Donald (Spider:1)
  A ghost moth (Spider:4)
  4 broodmothers
  A spark wasp (Spider:4)
  2 eleionomae (Swamp:1)
  2 bunyips (Swamp:1)
  Snorg (Lair:3)
  Josephine (Spider:1)
  An entropy weaver (Spider:3)
  A fire dragon (D:14)
  7 hydras
  Harold (D:9)
  An ice dragon (D:13)
  A jorogumo (Spider:3)
  6 boulder beetles
  5 alligators
  2 centaur warriors
  2 spriggan air magi
  4 catoblepae
  4 two-headed ogres
  3 ogre magi
  11 death yaks (Lair:5)
  4 demonic crawlers
  A death scarab (Spider:4)
  A sphinx skeleton (D:15)
  A tengu warrior (D:13)
  3 orc high priests (Orc:2)
  Urug (D:11)
  A deep elf knight (D:13)
  3 skeletal warriors
  2 skysharks (Lair:5)
  A fire crab (D:11)
  A death drake (Lair:1)
  3 goliath frogs
  2 flayed ghosts
  5 pharaoh ants
  A sun moth (Spider:2)
  8 orb spiders
  3 bog bodies
  Pikel (D:8)
  A swamp dragon (Swamp:3)
  An arcanist (D:14)
  A mana viper (shapeshifter) (Lair:2)
  A necromancer (D:14)
  6 steelbarb worms
  12 wolf spiders
  2 oklob plants (Lair:1)
  An orc knight (D:15)
  A will-o-the-wisp (Swamp:3)
  3 deep elf pyromancers
  4 orc sorcerers (Orc:2)
  2 ugly things
  6 cyclopes
  5 elephants
  A guardian serpent (Spider:1)
  8 manticores
  3 moths of wrath
  4 black mambas
  3 kobold blastminers (Orc:2)
  2 torpor snails
  2 gargoyles
  2 unseen horrors
  15 cane toads
  Jeremiah (Lair:1)
  A yaktaur (D:13)
  Maggie (D:7)
  2 nameless horrors (Spider:4)
  3 kobold demonologists
  2 freezing wraiths
  8 komodo dragons
  A rime drake (Lair:3)
  A wolf spider simulacrum (D:13)
  A queen bee (shapeshifter) (D:13)
  6 trolls
  3 polar bears
  5 meliai
  17 hornets
  6 tarantellas
  13 blink frogs
  3 tyrant leeches
  14 jumping spiders
  Sigmund (D:3)
  2 vampires
  10 slime creatures
  8 culicivoras
  75 yaks
  A shadow (D:12)
  7 basilisks
  5 spriggans
  7 wraiths
  5 wyverns
  2 fire elementals (Spider:1)
  2 humans (Lair:5)
  22 redbacks
  A golden eye (Spider:2)
  3 hogs (Lair:5)
  Grum (D:8)
  5 steam dragons
  8 vampire mosquitoes
  9 swamp worms
  6 wargs
  2 acid dragons
  A water moccasin (shapeshifter) (D:15)
  15 water moccasins
  6 hell hounds (Spider:1)
  14 orc warriors
  A sky beast (D:7)
  An ice beast (D:10)
  4 swamp drakes
  3 black bears
  A boggart (D:14)
  11 ogres
  11 wolves
  6 centaurs (D:12)
  A phantom (D:6)
  6 kobold brigands
  Blork the orc (D:4)
  3 scorpions
  4 gnoll sergeants
  11 bullfrogs
  13 killer bees
  3 howler monkeys
  2 electric eels (Lair:5)
  A hound (D:4)
  2 gnoll boudas (D:8)
  2 jellies (Lair:5)
  21 orc priests
  2 iguanas
  Ijyb (D:3)
  2 sleepcaps
  36 orc wizards
  4 hell rats (Lair:5)
  24 gnolls
  8 adders
  A shadow imp (D:6)
  3 white imps
  8 worms
  3 dart slugs
  51 orcs
  4 bats
  9 endoplasms
  2 giant cockroaches (D:2)
  10 goblins
  3 hobgoblins
  5 jackals (D:3)
  4 quokkas
  6 ball pythons
  5 frilled lizards
  19 kobolds
  5 rats
824 creatures vanquished.

Vanquished Creatures (collateral kills)
  Louise (Swamp:2)
  A broodmother (Spider:2)
  Azrael (Spider:1)
  A bunyip (Swamp:1)
  An entropy weaver (Spider:3)
  A jorogumo (Spider:4)
  A hydra (Swamp:2)
  2 centaur warriors (D:13)
  4 alligators (Swamp:1)
  2 goliath frogs
  2 bog bodies (Swamp:1)
  An orb spider (Spider:4)
  2 spriggan druids (Swamp:1)
  2 swamp dragons (Swamp:1)
  A cyclops (D:13)
  2 moths of wrath (Spider:4)
  A tyrant leech (Swamp:1)
  2 meliai (Spider:4)
  2 hornets
  2 tarantellas
  5 jumping spiders
  A slime creature (D:12)
  3 culicivoras
  3 spriggans
  4 yaks
  A warg (D:15)
  6 redbacks
  A water moccasin (Lair:5)
  A swamp drake (Swamp:1)
  An orc warrior (D:15)
  An ogre (D:15)
  A scorpion (D:4)
  An orc priest (D:15)
  3 gnolls (D:3)
  2 orcs (D:15)
  2 jackals (D:3)
  A rat (D:3)
69 creatures vanquished.

Vanquished Creatures (others)
  A spark wasp (Spider:1)
  A quicksilver dragon zombie (D:15)
  A radroach (Spider:1)
  An orb spider (Spider:2)
  An orc knight (D:13)
  A wolf spider (Spider:1)
  A cyclops (D:13)
  A manticore (D:13)
  2 komodo dragons (D:11)
  3 bloated husks
  2 meliai (Spider:4)
  A tarantella (Spider:1)
  A slime creature (Lair:5)
  2 yaks (D:11)
  A basilisk (Lair:5)
  A redback (Spider:2)
  A vampire mosquito (D:13)
  A centaur (D:12)
  A bullfrog (D:11)
  A gnoll sergeant (D:13)
  A kobold (D:11)
  A kobold zombie (D:10)
  An orc zombie (D:7)
  4 foxfires (Swamp:3)
32 creatures vanquished.

Grand Total: 925 creatures vanquished

Notes
Turn   | Place    | Note
-------+----------+-------------------------------------------
     0 | D:1      | Ge0ff the Kobold Chaos Knight began the quest for the Orb.
     0 | D:1      | Reached XP level 1. HP: 14/14 MP: 1/1
    29 | D:1      | Reached skill level 1 in Stealth
    32 | D:1      | Found a faded altar of an unknown god.
   185 | D:1      | XOM: divination: magic mapping
   214 | D:1      | Reached XP level 2. HP: 19/19 MP: 2/2
   284 | D:1      | XOM: silly message
   353 | D:1      | XOM: divination: magic mapping
   464 | D:1      | Reached skill level 1 in Armour
  1122 | D:2      | Reached XP level 3. HP: 23/23 MP: 3/3
  1264 | D:2      | Reached skill level 5 in Short Blades
  1326 | D:2      | Reached XP level 4. HP: 25/28 MP: 4/4
  1442 | D:2      | XOM: noise
  1724 | D:3      | Reached skill level 4 in Fighting
  1898 | D:3      | Found an ornate altar of the Wu Jian Council.
  1926 | D:3      | Identified the ring of Dishonour {rC+ rN+ Int+5}
  1978 | D:3      | XOM: 2-stop teleportation journey
  2007 | D:2      | Reached skill level 1 in Throwing
  2007 | D:2      | Reached XP level 5. HP: 26/33 MP: 5/5
  2095 | D:3      | XOM: 1-stop teleportation journey
  2130 | D:3      | Found a blossoming altar of Fedhas.
  2165 | D:3      | Noticed Sigmund
  2201 | D:3      | Noticed Ijyb
  2211 | D:3      | Killed Ijyb
  2212 | D:3      | Reached XP level 6. HP: 25/38 MP: 6/6
  2218 | D:3      | Killed Sigmund
  2564 | D:3      | XOM: scenery: summon butterflies
  2601 | D:4      | XOM: enchant monster (bad)
  2623 | D:3      | Reached XP level 7. HP: 44/44 MP: 7/7
  2839 | D:4      | Reached skill level 1 in Evocations
  2843 | D:4      | XOM: summons friendly iron imp
  3003 | D:4      | XOM: polymorph iron imp -> ufetubus
  3005 | D:4      | Learned a level 2 spell: Jinxbite
  3005 | D:4      | Found a snail-covered altar of Cheibriados.
  3421 | D:4      | Noticed Blork the orc
  3425 | D:4      | Killed Blork the orc
  3426 | D:4      | Reached skill level 5 in Fighting
  3468 | D:4      | XOM: blink monster(s)
  3477 | D:4      | Reached skill level 1 in Spellcasting
  3477 | D:4      | Reached skill level 1 in Hexes
  3615 | D:4      | Reached XP level 8. HP: 49/49 MP: 9/9
  3747 | D:5      | Entered Level 5 of the Dungeon
  3805 | D:5      | XOM: stat loss: -1 Dex (15/16)
  3905 | D:5      | Reached skill level 5 in Stealth
  3913 | D:5      | XOM: 1-stop teleportation journey
  4029 | D:5      | XOM: polymorph adder -> scorpion
  4378 | D:5      | XOM: noise
  4694 | D:6      | Reached skill level 6 in Fighting
  4854 | D:6      | Reached XP level 9. HP: 39/56 MP: 13/13
  4882 | D:7      | Reached skill level 7 in Fighting
  4989 | D:7      | XOM: smoke on damage
  5190 | D:6      | Found a staircase to the Ecumenical Temple.
  5196 | Temple   | Entered the Ecumenical Temple
  5264 | D:6      | Found a sparkling altar of Nemelex Xobeh.
  5282 | D:6      | Reached skill level 5 in Hexes
  5526 | D:6      | Found a sacrificial altar of Ru.
  5533 | D:6      | XOM: scenery: summon butterflies
  5977 | D:7      | Noticed Maggie
  5982 | D:7      | XOM: cleaving
  5984 | D:7      | XOM: silly message
  5994 | D:7      | Killed Maggie
  6093 | D:7      | XOM: destruction
  6114 | D:7      | XOM: noise
  6119 | D:7      | XOM: god gift: flail {god gift}
  6323 | D:7      | XOM: cloud trail
  6383 | D:7      | Reached XP level 10. HP: 63/63 MP: 14/14
  6570 | D:8      | XOM: 2-stop teleportation journey
  6573 | D:8      | Noticed Grum
  6586 | D:8      | XOM: butterfly on damage
  6587 | D:8      | HP: 2/63 [Grum/+0 spear (6)]
  6594 | D:8      | XOM: destruction
  6598 | D:8      | XOM: potion effect (attraction)
  6746 | D:7      | XOM: silly message
  6759 | D:7      | XOM: silly message
  6856 | D:8      | Killed Grum
  6972 | D:8      | Reached skill level 5 in Dodging
  7027 | D:8      | XOM: god gift: scorched quarterstaff {god gift}
  7027 | D:8      | Identified the +5 quarterstaff of True Grit {heavy, Int+4
                  | Dex-3 SInv} (Xom gifted it to you on level 8 of the
                  | Dungeon)
  7061 | D:8      | Reached skill level 8 in Fighting
  7143 | D:8      | XOM: silly message
  7177 | D:8      | Noticed Pikel
  7177 | D:8      | XOM: potion effect (invisibility)
  7184 | D:8      | Killed Pikel
  7223 | D:8      | XOM: potion effect (might)
  7227 | D:8      | XOM: silly message
  7244 | D:8      | Identified the +1 robe of the Abyss {rPois rC- Str+5}
  7245 | D:8      | XOM: silly message
  7253 | D:8      | XOM: potion effect (berserk rage)
  7326 | D:8      | Reached skill level 9 in Fighting
  7333 | D:8      | Learned a level 3 spell: Confusing Touch
  7419 | D:8      | XOM: divination: detect creatures
  7790 | D:8      | XOM: scenery: create altars
  7838 | D:8      | XOM: 7-stop teleportation journey
  7937 | D:8      | XOM: summons 1 hostile demon
  8305 | D:9      | Noticed Harold
  8314 | D:9      | Killed Harold
  8315 | D:9      | Reached skill level 10 in Short Blades
  8315 | D:9      | Reached XP level 11. HP: 48/71 MP: 12/16
  8444 | D:9      | XOM: summons friendly ufetubus
  8618 | D:9      | XOM: 1-stop teleportation journey
  8710 | D:9      | XOM: divination: magic mapping
  8880 | D:9      | XOM: fog
  8882 | D:9      | XOM: give mutations
  8882 | D:9      | Gained mutation: Your system is resistant to poisons.
                  | (rPois) [Xom's grace]
  8882 | D:9      | Gained mutation: You are robust. (+10% HP) [Xom's grace]
  8882 | D:9      | Gained mutation: You are partially covered in iridescent
                  | scales. (AC +2) [Xom's grace]
  8882 | D:9      | Gained mutation: You are agile. (Dex +4, Str/Int -1) [Xom's
                  | grace]
  8888 | D:9      | XOM: give mutations
  8888 | D:9      | Gained mutation: You are very agile. (Dex +8, Str/Int -2)
                  | [Xom's grace]
  8888 | D:9      | Gained mutation: You have large cloven feet. [Xom's grace]
  8900 | D:9      | XOM: summons 5 friendly demons
  9237 | D:8      | Found a glowing silver altar of Zin.
  9237 | D:8      | Found an iron altar of Okawaru.
  9261 | D:9      | XOM: confuse monster(s)
  9566 | D:9      | Reached skill level 10 in Fighting
  9588 | D:9      | XOM: god gift: 2 stones
  9710 | D:9      | XOM: enchant monster (good)
  9748 | D:9      | Found a staircase to the Orcish Mines.
  9763 | D:9      | Reached XP level 12. HP: 70/84 MP: 18/18
 10042 | D:9      | Found a radiant altar of Vehumet.
 10310 | D:9      | Found a faded altar of an unknown god.
 10315 | D:9      | Found a stormy altar of Qazlal.
 10317 | D:9      | Found a faded altar of an unknown god.
 10318 | D:9      | Found a shimmering blue altar of Sif Muna.
 10323 | D:9      | Found a white marble altar of Elyvilon.
 10353 | D:10     | Entered Level 10 of the Dungeon
 10811 | D:10     | XOM: divination: detect creatures
 10820 | D:10     | Got Afaet's Spellbook of the Snake and Malediction
 10860 | D:10     | XOM: divination: detect creatures
 10886 | D:10     | XOM: silly message
 10972 | D:10     | XOM: god gift: robe {god gift}
 10977 | D:10     | Noticed a two-headed ogre
 10979 | D:10     | Killed a two-headed ogre
 11193 | D:10     | XOM: noise
 11407 | D:10     | XOM: 2-stop teleportation journey
 11562 | D:10     | Found a hazy altar of Hepliaklqana.
 11602 | D:10     | Found a burning altar of Makhleb.
 11824 | D:11     | Reached skill level 5 in Armour
 11838 | D:11     | XOM: swap monsters
 11843 | D:11     | XOM: fog
 11854 | D:11     | XOM: divination: detect creatures
 11911 | D:11     | XOM: silly message
 11931 | D:11     | Noticed Urug
 12086 | D:11     | Killed Urug
 12087 | D:11     | Reached skill level 10 in Stealth
 12092 | D:11     | XOM: cloud trail
 12210 | D:11     | Noticed a two-headed ogre
 12211 | D:11     | XOM: stat loss: -1 Int (17/18)
 12220 | D:11     | Killed a two-headed ogre
 12292 | D:11     | XOM: chaos cloud
 12306 | D:11     | Paralysed by you for 1 turns
 12571 | D:11     | XOM: torment (49/86 hp)
 12578 | D:11     | XOM: give mutations
 12578 | D:11     | Gained mutation: Your flesh is cold resistant. (rC+) [Xom's
                  | mischief]
 12578 | D:11     | Lost mutation: Your system is resistant to poisons. (rPois)
                  | [Xom's mischief]
 12583 | D:11     | a yak changed into a fire crab
 12583 | D:11     | Noticed a fire crab
 12589 | D:11     | Killed a fire crab
 12848 | D:11     | Reached skill level 11 in Fighting
 12863 | D:11     | Noticed a boulder beetle
 12870 | D:11     | a boulder beetle changed into a redback
 12870 | D:11     | XOM: polymorph boulder beetle -> redback
 12963 | D:11     | Found a staircase to the Lair.
 13072 | D:11     | XOM: summons 2 hostile demons
 13101 | D:11     | Noticed a two-headed ogre
 13113 | D:11     | Killed a two-headed ogre
 13113 | D:11     | XOM: 2-stop teleportation journey
 13242 | D:11     | Reached XP level 13. HP: 64/92 MP: 16/19
 13688 | Lair:1   | Entered Level 1 of the Lair of Beasts
 13693 | Lair:1   | XOM: 4-stop teleportation journey
 13747 | Lair:1   | Got the Papyrus of Unified Putrescence
 14081 | Lair:1   | Noticed a catoblepas
 14144 | Lair:1   | a catoblepas changed into a sphinx
 14144 | Lair:1   | Noticed a sphinx
 14144 | Lair:1   | XOM: polymorph catoblepas -> sphinx
 14156 | Lair:1   | Killed a sphinx
 14239 | Lair:1   | Noticed Jeremiah
 14244 | Lair:1   | Killed Jeremiah
 14249 | Lair:1   | XOM: noise
 14275 | Lair:1   | XOM: potion effect (heal wounds)
 14281 | Lair:1   | XOM: confusion (+ monsters)
 14289 | Lair:1   | XOM: confuse monster(s)
 14291 | Lair:1   | Reached skill level 10 in Dodging
 14291 | Lair:1   | Reached skill level 10 in Hexes
 14380 | Lair:1   | Found a blossoming altar of Fedhas.
 14385 | Lair:1   | Reached skill level 12 in Fighting
 14846 | Lair:2   | XOM: polymorph yak -> shapeshifter
 15220 | Lair:2   | XOM: polymorph bullfrog -> endoplasm
 15249 | Lair:2   | XOM: scenery: summon butterflies
 15324 | Lair:2   | XOM: god gift: +0 pair of gloves of strength
 15338 | Lair:2   | XOM: 1-stop teleportation journey
 15387 | Lair:2   | XOM: summons 2 friendly demons
 15404 | Lair:2   | Reached skill level 13 in Fighting
 15447 | Lair:2   | XOM: give mutation
 15447 | Lair:2   | Gained mutation: Your muscles are strong. (Str +4, Int/Dex
                  | -1) [Xom's grace]
 15628 | Lair:2   | Found a hole to the Spider Nest.
 15708 | Lair:2   | XOM: god gift: 21 gold pieces
 15792 | Lair:2   | XOM: scenery: summon butterflies
 15795 | Lair:3   | Noticed Snorg
 15799 | Lair:3   | Killed Snorg
 16102 | Lair:3   | Found a staircase to the Swamp.
 16206 | Lair:3   | Reached XP level 14. HP: 104/104 MP: 20/20
 16228 | Lair:3   | XOM: cast spell 'Summon Mana Viper'
 16259 | Lair:3   | XOM: confuse monster(s)
 16262 | Lair:3   | Reached skill level 14 in Fighting
 16333 | Lair:3   | Noticed Sonja
 16338 | Lair:3   | Sonja changed into Sonja the meliai
 16338 | Lair:3   | Noticed Sonja
 16340 | Lair:3   | Killed Sonja the meliai
 16424 | Lair:3   | XOM: enchant monster (bad)
 16441 | Lair:3   | XOM: confuse monster(s)
 17031 | Lair:3   | XOM: give mutations
 17031 | Lair:3   | Gained mutation: You are very robust. (+20% HP) [Xom's
                  | mischief]
 17031 | Lair:3   | Gained mutation: You have a pair of small antennae on your
                  | head. [Xom's mischief]
 17080 | Lair:4   | XOM: fog
 17091 | Lair:4   | Reached skill level 15 in Fighting
 17120 | Lair:4   | Reached skill level 1 in Shields
 17215 | Lair:4   | XOM: confuse monster(s)
 17216 | Lair:4   | XOM: potion effect (magic)
 17231 | Lair:4   | XOM: destruction
 17639 | Lair:4   | XOM: give mutation
 17639 | Lair:4   | Lost mutation: Your muscles are strong. (Str +4, Int/Dex
                  | -1) [Xom's mischief]
 17643 | Lair:4   | Identified the +2 leather armour of the Comet {Rampage
                  | Int+3}
 17989 | Lair:4   | XOM: noise
 18026 | Lair:5   | XOM: stealth player
 18026 | Lair:5   | Entered Level 5 of the Lair of Beasts
 18086 | Lair:5   | XOM: divination: magic mapping
 18132 | Lair:5   | XOM: noise
 18241 | Lair:5   | XOM: 1-stop teleportation journey
 18392 | Lair:5   | XOM: divination: detect creatures
 18398 | Lair:5   | XOM: enchant monster (good)
 18409 | Lair:5   | XOM: summons friendly shadow imp
 18445 | Lair:5   | XOM: snakes to sticks
 18459 | Lair:5   | XOM: cast spell 'Alistair's Intoxication'
 18556 | Lair:5   | XOM: god gift: murky emerald potion {god gift}
 18663 | Lair:5   | Found a viscous altar of Jiyva.
 18663 | Lair:5   | Found a staircase to the Slime Pits.
 18746 | Lair:5   | Noticed Kirke
 18756 | Lair:5   | Reached skill level 5 in Shields
 18786 | Lair:5   | XOM: god gift: scroll of fear
 18817 | Lair:5   | XOM: cast spell 'Summon Hydra'
 18851 | Lair:5   | XOM: confuse monster(s)
 18898 | Lair:5   | XOM: god gift: 52 gold pieces
 19252 | Lair:5   | Reached XP level 15. HP: 122/123 MP: 18/21
 19485 | Lair:5   | XOM: divination: detect creatures
 19569 | Lair:5   | XOM: confuse monster(s)
 19819 | Lair:5   | XOM: give mutations
 19819 | Lair:5   | Gained mutation: You have hidden genetic potential. [Xom's
                  | mischief]
 19819 | Lair:5   | Lost mutation: You have a pair of small antennae on your
                  | head. [Xom's mischief]
 19864 | Lair:5   | XOM: summons 6 hostile demons
 19870 | Lair:5   | XOM: stat loss: -1 Str (9/10)
 19874 | Lair:5   | XOM: confusion
 19939 | Lair:5   | Identified the +3 buckler of the Doldrums {rPois Will+}
                  | (Xom gifted it to you on level 5 of the Lair of Beasts)
 19939 | Lair:5   | XOM: god gift: +3 buckler of the Doldrums {rPois Will+}
 19992 | Lair:5   | XOM: polymorph manticore -> naga
 19996 | Lair:5   | Killed Kirke
 20070 | Lair:5   | XOM: cast spell 'Monstrous Menagerie'
 20127 | Lair:5   | XOM: chaos cloud
 20396 | Orc:1    | Entered Level 1 of the Orcish Mines
 20443 | Orc:1    | XOM: 1-stop teleportation journey
 21304 | Orc:2    | Entered Level 2 of the Orcish Mines
 21664 | Orc:2    | Found a staircase to the Elven Halls.
 21691 | Orc:2    | XOM: fake destruction
 21802 | Orc:2    | Found Qibittesse's Specific Store.
 21803 | Orc:2    | Found Eduifumo's General Store.
 21807 | Orc:2    | Bought a scroll of fog for 72 gold pieces
 21811 | Orc:2    | Bought a potion of attraction for 45 gold pieces
 22340 | Orc:2    | XOM: polymorph orc sorcerer -> orb spider
 22417 | Orc:2    | XOM: chaos upgrade
 22706 | Orc:2    | Found Zihupaz's Distillery.
 22707 | Orc:2    | Found Vagutronai's Antique Armour Emporium.
 22708 | Orc:2    | Found Woonogun's Antique Armour Shoppe.
 22709 | Orc:2    | Found Sianaal's Jewellery Shoppe.
 22712 | Orc:2    | Bought a potion of ambrosia for 136 gold pieces
 22717 | Orc:2    | Bought a ring of see invisible for 165 gold pieces
 22724 | Orc:2    | XOM: give mutations
 22724 | Orc:2    | Lost mutation: You are partially covered in iridescent
                  | scales. (AC +2) [Xom's mischief]
 22724 | Orc:2    | Lost mutation: You have hidden genetic potential. [Xom's
                  | mischief]
 22724 | Orc:2    | Gained mutation: Armour fits poorly on your strangely
                  | shaped body. [Xom's mischief]
 22724 | Orc:2    | Gained mutation: You are weak. (Str -2) [Xom's mischief]
 22996 | D:12     | Noticed Rupert
 23000 | D:12     | Killed Rupert
 23001 | D:12     | Reached skill level 10 in Shields
 23239 | D:12     | XOM: give mutations
 23239 | D:12     | Gained mutation: You have hoof-like feet. [Xom's mischief]
 23239 | D:12     | Lost mutation: You have hoof-like feet. [Xom's mischief]
 23239 | D:12     | Lost mutation: You have large cloven feet. [Xom's mischief]
 23239 | D:12     | Gained mutation: You have sharp toenails. [Xom's mischief]
 23239 | D:12     | Lost mutation: You are very robust. (+20% HP) [Xom's
                  | mischief]
 23271 | D:12     | XOM: give mutation
 23271 | D:12     | Lost mutation: You are very agile. (Dex +8, Str/Int -2)
                  | [Xom's mischief]
 23288 | D:12     | XOM: noise
 23293 | D:12     | XOM: enchant monster (good)
 23378 | D:12     | XOM: 9-stop teleportation journey
 23617 | D:12     | XOM: summons friendly ufetubus
 23800 | D:12     | XOM: divination: magic mapping
 23848 | D:12     | XOM: scenery: summon butterflies
 23852 | D:12     | XOM: god gift: wand of charming (4)
 24175 | D:13     | XOM: divination: detect creatures
 24234 | D:13     | XOM: enchant monster (good)
 24317 | D:13     | XOM: give mutations
 24317 | D:13     | Lost mutation: You are agile. (Dex +4, Str/Int -1) [Xom's
                  | mischief]
 24317 | D:13     | Lost mutation: You are robust. (+10% HP) [Xom's mischief]
 24317 | D:13     | Gained mutation: Your spells are a little easier to cast,
                  | but a little less powerful. [Xom's mischief]
 24318 | D:13     | Lost mutation: Your spells are a little easier to cast, but
                  | a little less powerful. [potion of mutation]
 24318 | D:13     | Lost mutation: Armour fits poorly on your strangely shaped
                  | body. [potion of mutation]
 24318 | D:13     | Lost mutation: You have sharp toenails. [potion of
                  | mutation]
 24318 | D:13     | Gained mutation: You are clumsy. (Dex -2) [potion of
                  | mutation]
 24318 | D:13     | Gained mutation: You passively map a small area around you.
                  | [potion of mutation]
 24318 | D:13     | Gained mutation: Your flesh is heat resistant. (rF+)
                  | [potion of mutation]
 24469 | D:13     | Reached XP level 16. HP: 108/108 MP: 22/22
 24530 | D:13     | XOM: blink monster(s)
 24694 | D:13     | XOM: cast spell 'Leda's Liquefaction'
 24696 | D:13     | XOM: enchant monster (bad)
 24701 | D:13     | XOM: blink monster(s)
 24704 | D:13     | XOM: blink monster(s)
 25083 | D:13     | Found a gate to the Vaults.
 25295 | D:13     | XOM: divination: detect items
 26038 | D:13     | XOM: summons 1 hostile shadow creature
 26040 | D:13     | XOM: polymorph manticore -> broodmother
 26041 | D:13     | XOM: fake destruction
 26066 | D:13     | XOM: noise
 26153 | D:13     | XOM: 2-stop teleportation journey
 26438 | D:13     | Identified the amulet "Ebaem" {Faith +Inv Str+7 Int-5
                  | Dex+3}
 26454 | D:13     | Identified the ring "Iguorghu" {rPois rN+ rCorr Int+2}
 26530 | D:13     | Identified the ring "Yriokil" {rElec rPois rCorr MP+9
                  | Dex-2}
 26664 | D:13     | Learned a level 5 spell: Summon Mana Viper
 26675 | D:13     | Identified the ring of Muefourch {^Drain rC+ Will- Int+4
                  | Slay+6}
 26928 | D:13     | XOM: stat loss: -1 Int (21/22)
 27001 | D:14     | Reached skill level 1 in Summonings
 27513 | D:14     | XOM: give mutations
 27513 | D:14     | Gained mutation: You expend magic power (3 MP) to
                  | strengthen your wands. [Xom's grace]
 27513 | D:14     | Gained mutation: You have a pair of small antennae on your
                  | head. [Xom's grace]
 27639 | D:14     | XOM: summons 6 hostile demons
 27705 | D:14     | XOM: god gift: scroll of fog
 28090 | D:14     | XOM: give mutation
 28090 | D:14     | Gained mutation: You have sharp toenails. [Xom's mischief]
 28262 | D:14     | XOM: stat loss: -1 Str (9/10)
 28267 | D:14     | XOM: scenery: 3 doors close
 28279 | D:14     | XOM: fake destruction
 28289 | D:14     | Reached skill level 5 in Spellcasting
 28423 | D:14     | XOM: divination: detect creatures
 28553 | D:14     | XOM: scenery: 2 doors open, 1 doors close
 28698 | D:14     | XOM: divination: detect creatures
 28816 | D:15     | Entered Level 15 of the Dungeon
 29002 | D:15     | XOM: fake destruction
 29532 | D:15     | XOM: 4-stop teleportation journey
 29536 | D:15     | XOM: polymorph two-headed ogre -> steelbarb worm
 29559 | D:15     | XOM: blink monster(s)
 29567 | D:15     | XOM: polymorph necromancer -> boulder beetle
 29997 | D:15     | XOM: noise
 30003 | D:15     | XOM: summons 9 hostile demons
 30033 | D:15     | XOM: blink monster(s)
 30194 | D:15     | Found a staircase to the Depths.
 30293 | D:15     | XOM: give mutations
 30293 | D:15     | Lost mutation: Your flesh is heat resistant. (rF+) [Xom's
                  | mischief]
 30293 | D:15     | Gained mutation: Your spells are a little easier to cast,
                  | but a little less powerful. [Xom's mischief]
 30293 | D:15     | Gained mutation: You occasionally shout uncontrollably at
                  | your foes. [Xom's mischief]
 30402 | D:15     | XOM: summons 1 hostile shadow creature
 30476 | D:15     | XOM: silly message
 31001 | Orc:2    | Bought a potion of curing for 51 gold pieces
 31001 | Orc:2    | Bought a potion of haste for 170 gold pieces
 31001 | Orc:2    | Bought a potion of cancellation for 136 gold pieces
 31001 | Orc:2    | Bought 2 potions of brilliance for 136 gold pieces
 31001 | Orc:2    | Bought a potion of brilliance for 68 gold pieces
 31001 | Orc:2    | Bought a potion of might for 68 gold pieces
 31194 | Spider:1 | Entered Level 1 of the Spider Nest
 31268 | Spider:1 | XOM: 1-stop teleportation journey
 31276 | Spider:1 | Reached skill level 5 in Summonings
 31421 | Spider:1 | Noticed Jorgrun
 31422 | Spider:1 | Upgraded the game from 0.31-a0-1223-gfd5aef93c1 to
                  | 0.31-a0-1236-gaa9e43cceb
 31423 | Spider:1 | XOM: enchant monster (bad)
 31442 | Spider:1 | Jorgrun changed into Jorgrun the spark wasp
 31442 | Spider:1 | Noticed Jorgrun
 31442 | Spider:1 | XOM: polymorph Jorgrun -> Jorgrun the spark wasp
 31452 | Spider:1 | Killed Azrael
 31455 | Spider:1 | Your ally Jorgrun died
 31507 | Spider:1 | XOM: summons 7 hostile demons
 31625 | Spider:1 | XOM: 1-stop teleportation journey
 31676 | Spider:1 | XOM: confusion
 31811 | Spider:1 | XOM: noise
 32121 | Spider:1 | XOM: silly message
 32303 | Spider:1 | Noticed Donald
 32307 | Spider:1 | Killed Donald
 32308 | Spider:1 | Reached XP level 17. HP: 113/113 MP: 27/27
 32358 | Spider:1 | Noticed Josephine
 32383 | Spider:1 | Killed Josephine
 32890 | Spider:1 | XOM: noise
 32941 | Spider:1 | XOM: 3-stop teleportation journey
 33023 | Spider:1 | Reached skill level 5 in Evocations
 33172 | Spider:2 | XOM: potion effect (magic)
 33172 | Spider:2 | XOM: butterfly on damage
 33175 | Spider:2 | HP: 2/111 [pharaoh ant (33)]
 33556 | Spider:1 | XOM: silly message
 34196 | Spider:2 | XOM: god gift: scroll of brand weapon
 34359 | Spider:2 | Identified the +5 mace "Grim" {distort, rF+}
 34627 | Spider:2 | XOM: cloud trail
 35799 | Spider:3 | XOM: divination: magic mapping
 36253 | Spider:3 | Identified the +3 long sword of War {heavy, rElec}
 36370 | Spider:3 | XOM: 4-stop teleportation journey
 36442 | Spider:3 | XOM: divination: detect items
 36640 | Spider:3 | XOM: divination: detect creatures
 36671 | Spider:4 | Entered Level 4 of the Spider Nest
 36686 | Spider:3 | Learned a level 2 spell: Ensorcelled Hibernation
 36970 | Spider:4 | XOM: cloud trail
 37282 | Spider:4 | XOM: 1-stop teleportation journey
 37286 | Spider:4 | Reached skill level 10 in Summonings
 37297 | Spider:4 | XOM: silly message
 37328 | Spider:4 | XOM: noise
 37584 | Spider:4 | XOM: 1-stop teleportation journey
 37587 | Spider:4 | Got a gossamer rune of Zot
 37589 | Spider:4 | XOM: summons 2 friendly demons
 37660 | Spider:4 | XOM: cast spell 'Chain of Chaos'
 37740 | Spider:4 | XOM: divination: detect items
 37849 | Spider:4 | XOM: divination: detect items
 37964 | Spider:4 | XOM: summons friendly ufetubus
 38177 | Spider:4 | XOM: swap monsters
 38228 | Spider:4 | Noticed Arachne
 38979 | Lair:3   | XOM: polymorph mana viper -> shapeshifter
 38996 | Swamp:1  | Entered Level 1 of the Swamp
 39086 | Lair:3   | XOM: give mutations
 39086 | Lair:3   | Lost mutation: You are weak. (Str -2) [Xom's mischief]
 39086 | Lair:3   | Lost mutation: You passively map a small area around you.
                  | [Xom's mischief]
 39086 | Lair:3   | Lost mutation: Your spells are a little easier to cast, but
                  | a little less powerful. [Xom's mischief]
 39086 | Lair:3   | Lost mutation: You occasionally shout uncontrollably at
                  | your foes. [Xom's mischief]
 39129 | Swamp:1  | Learned a level 4 spell: Petrify
 39466 | Swamp:1  | Reached XP level 18. HP: 99/119 MP: 20/29
 39574 | Swamp:1  | XOM: confusion (+ monsters)
 39577 | Swamp:1  | XOM: 2-stop teleportation journey
 39847 | Swamp:1  | XOM: god gift: wand of mindburst (9)
 39919 | Swamp:1  | XOM: 2-stop teleportation journey
 39935 | Swamp:1  | XOM: divination: detect creatures
 40773 | Swamp:1  | XOM: silly message
 40888 | Swamp:1  | XOM: scenery: summon butterflies
 41396 | Swamp:1  | XOM: scenery: summon butterflies
 41607 | Swamp:1  | XOM: god gift: +1 hat of stealth
 41803 | Swamp:2  | Noticed Frances
 41814 | Swamp:2  | Killed Frances
 41977 | Swamp:2  | XOM: cloud trail
 42006 | Swamp:2  | Found a transporter.
 42015 | Swamp:2  | XOM: god gift: 803 gold pieces
 42019 | Swamp:2  | Found a transporter.
 42366 | Swamp:2  | XOM: god gift: runed hand axe {god gift}
 42369 | Swamp:2  | XOM: scenery: summon butterflies
 42571 | Swamp:2  | XOM: give mutations
 42571 | Swamp:2  | Lost mutation: You are clumsy. (Dex -2) [Xom's grace]
 42571 | Swamp:2  | Gained mutation: You are agile. (Dex +4, Str/Int -1) [Xom's
                  | grace]
 42578 | Swamp:2  | XOM: 5-stop teleportation journey
 42824 | Swamp:2  | Noticed Louise
 42854 | Swamp:2  | Killed Louise
 42855 | Swamp:2  | Reached skill level 10 in Spellcasting
 42855 | Swamp:2  | Reached skill level 1 in Ice Magic
 43337 | Swamp:3  | XOM: divination: magic mapping
 43431 | Swamp:3  | XOM: divination: detect creatures
 43438 | Swamp:3  | Constricted to death by a shambling mangrove

Illustrated notes

Levels and vault maps discovered:
D:1:      matt_arrival_spirals, layout_basic,
          dreamdust_ecumenical_altar_angels_and_demons, serial_rivers,
          chequers_serial_rivers_large_a, chequers_serial_rivers_micro_e,
          chequers_serial_rivers_small_a, chequers_serial_rivers_micro_b,
          patterned_corridor
D:2:      layout_rooms, st_stairs_4, minmay_liquid_box
D:3:      layout_rooms, nzn_wu_jian_contemplation, amcnicky_altar_gilded,
          uniq_sigmund, uniq_ijyb
D:4:      layout_gridville, cheibriados_altar_1, grunt_ministairs_7,
          uniq_blork_the_orc
D:5:      layout_cave_pools, st_stairs_7, dreamdust_mushroom_princess
D:6:      layout_rooms, mainiacjoe_overflow_surrounded_room,
          mainiacjoe_overflow_paths, minmay_temple_entry_large_hall
D:7:      layout_cave_pools, uniq_maggie
D:8:      layout_basic, nicolae_overflow_hidden_temple, st_stairs_14, uniq_grum,
          uniq_pikel
D:9:      layout_basic, fiery_altar_vehumet,
          chequers_temple_overflow_minitemple, erik_orc_1, hive_lemuel,
          uniq_harold
D:10:     layout_gridville, worldfamousw_hep_ancestral_shrine,
          mainiacjoe_overflow_24_doors, kennysheep_dice
D:11:     layout_rooms, grunt_lair_entry_orc_guard_hut, serial_curves,
          eino_curves_03, eino_curves_04, eino_curves_01, eino_curves_03,
          uniq_urug
D:12:     layout_rooms, hangedman_decor_clover_reticule, corexii_checkpoint,
          uniq_rupert
D:13:     minmay_the_grid_triangle_9x9_recursive_3
          [minmay_the_grid_triangle_9x9_limited_checkers,
          minmay_the_grid_triangle_9x9_alien,
          minmay_the_grid_triangle_9x9_stretched_checkered,
          minmay_the_grid_triangle_9x9_prize_special,
          minmay_the_grid_triangle_9x9_minimal,
          minmay_the_grid_triangle_9x9_cache,
          minmay_the_grid_triangle_9x9_checkered,
          minmay_the_grid_triangle_9x9_longest,
          minmay_the_grid_triangle_9x9_wacky_v], layout_basic, david_vaults_4,
          minmay_checkerbox
D:14:     nicolae_cairo_tiling_very_big, layout_loops_ring, serial_library,
          serial_library_hellmonk_room_a, serial_library_hellmonk_open_cross,
          serial_library_hellmonk_layered_room, serial_library_hellmonk_octagon,
          minivault_24, amcnicky_mini_rare_corridor_liquid
D:15:     gammafunk_depths_entry_grave, layout_long_grid, minmay_fountain_box,
          chequers_avenue, minivault_22
Temple:   nicolae_temple_ecumenical_triangle
Lair:1:   layout_long_grid, hangedman_tree_tricks, uniq_jeremiah
Lair:2:   layout_small_grid, spider_nest_entry_funnel_web
Lair:3:   layout_loops_ring, minmay_swamp_entry_worms, uniq_sonja, uniq_snorg
Lair:4:   layout_gridlike
Lair:5:   evilmike_catoblepas_cave, layout_gridlike, minmay_slime_entry_pillars,
          uniq_kirke
Swamp:1:  layout_basic_swamp, evilmike_swamp_ruin_rubble_2, swamp_pool_1_2,
          hangedman_swamp_grove, infiniplex_staircase_pool
Swamp:2:  layout_basic_swamp, gammafunk_ghost_wrathful_warriors,
          nicolae_swamp_dense_foliage, uniq_louise, uniq_frances
Swamp:3:  tekkud_swamp_unearthing_site, layout_basic_swamp,
          evilmike_swamp_ruin_rubble_1, nicolae_swamp_tree_designs,
          nicolae_swamp_long_stream
Spider:1: layout_spider_delve, uniq_donald, uniq_josephine, uniq_azrael,
          uniq_jorgrun
Spider:2: layout_spider_delve
Spider:3: layout_spider_delve, hangedman_spider_tarantella_strand
Spider:4: johnstein_spider_rune_arachne_lair, uniq_aizul, uniq_arachne
Orc:1:    cheibrodos_orc_guarddog, layout_caves, minmay_orc_keep
Orc:2:    st_orc_mages, layout_caves, nicolae_specific_store, bh_open_orc_temple

Skill      XL: |  1  2  3  4  5  6  7  8  9 10 11 12 13 14 15 16 17 18 |
---------------+-------------------------------------------------------+-----
Stealth        | 2 3 4 5 7 9 10 | 10.7
Armour         | 1 2 3 4 5 7 8 |  8.1
Dodging        | 3 4 5 6 8 10 | 10.0
Short Blades   | 5 6 7 10 11 12 14 | 14.0
Fighting       | 4 5 6 7 9 10 11 13 15 | 15.2
Throwing       | 1 2 |  2.0
Evocations     | 2 3 4 5 |  5.1
Spellcasting   | 1 3 4 7 10 | 10.0
Hexes          | 1 4 6 7 8 9 10 11 | 11.0
Shields        | 5 10 12 | 12.2
Summonings     | 6 11 | 11.0
Ice Magic      | 2 |  2.2

Action                     |  1- 3 |  4- 6 |  7- 9 | 10-12 | 13-15 | 16-18 || total
---------------------------+-------+-------+-------+-------+-------+-------++-------
  Melee: Short sword       |    72 |   131 |   338 |   591 |  1317 |  1638 ||  4087
         Punch             |       |       |     8 |     9 |    12 |       ||    29
         Kick              |       |       |       |   169 |   639 |   320 ||  1128
   Fire: Sling             |       |       |     3 |       |       |       ||     3
  Throw: Stone             |     3 |     3 |     3 |    18 |    25 |       ||    52
         Throwing net      |       |       |       |     1 |     3 |    12 ||    16
         Dart              |       |       |       |     1 |    20 |   120 ||   141
         Boomerang         |       |       |       |       |       |     3 ||     3
   Cast: Jinxbite          |       |       |    10 |    67 |    69 |     1 ||   147
         Summon Mana Viper |       |       |       |       |       |    49 ||    49
  Evoke: Wand              |       |       |     5 |     9 |    21 |    56 ||    91
         Lightning rod     |       |       |       |       |       |    17 ||    17
         Box of beasts     |       |       |       |       |       |     3 ||     3
         Tin of tremorston |       |       |       |       |       |     2 ||     2
    Use: Scroll            |       |     4 |     5 |     9 |    18 |    18 ||    54
         Potion            |       |     1 |     3 |     2 |     3 |    15 ||    24
   Stab: Sleeping          |     9 |     8 |    19 |    19 |    68 |    39 ||   162
         Paralysed         |     1 |       |     5 |     1 |     6 |     5 ||    18
         Invisible         |       |     2 |     2 |     1 |       |     4 ||     9
         Distracted        |       |       |     1 |     1 |     2 |    10 ||    14
         Confused          |       |       |     4 |     4 |    19 |    12 ||    39
         Petrifying        |       |       |       |     2 |     5 |    10 ||    17
         Held in net/web   |       |       |       |     2 |     3 |     7 ||    12
         Petrified         |       |       |       |       |     1 |     2 ||     3
         Betrayed ally     |       |       |       |       |       |     5 ||     5
 Armour: Leather armour    |    12 |    24 |    93 |       |       |       ||   129
         Swamp dragon scal |       |       |    10 |    56 |   142 |       ||   208
         Scale mail        |       |       |       |   127 |    94 |   580 ||   801
  Dodge: Dodged            |    34 |   102 |   253 |   311 |   619 |   677 ||  1996
  Block: Other             |       |       |       |    48 |    80 |       ||   128
         Reflection        |       |       |       |     2 |    17 |     7 ||    26
         Buckler           |       |       |       |       |   306 |   933 ||  1239

Table legend: (Time is in decaauts)
 A = Elapsed time spent in this place.
 B = Non-inter-level travel time spent in this place.
 C = Inter-level travel time spent in this place.
 D = Time resting spent in this place.
 E = Time spent auto-exploring this place.
 F = Levels seen in this place.
 G = Mean time per level.
                   A        B        C        D        E       F      G
               +--------+--------+--------+--------+--------+-----+--------+
         Total |  41767 |  39787 |   1980 |   4485 |  27005 |  30 | 1392.2 |
       Dungeon |  21220 |  20042 |   1178 |   1147 |  14990 |  15 | 1414.7 |
        Temple |      1 |      1 |      0 |      0 |      0 |   1 |    1.0 |
          Lair |   6430 |   6120 |    310 |    135 |   4610 |   5 | 1286.0 |
         Swamp |   4335 |   4248 |     87 |   1502 |   1971 |   3 | 1445.0 |
   Spider Nest |   7415 |   7204 |    211 |   1701 |   3861 |   4 | 1853.8 |
  Orcish Mines |   2363 |   2170 |    193 |      0 |   1572 |   2 | 1181.5 |
               +--------+--------+--------+--------+--------+-----+--------+

Top non-repeatable levels by time:
    D:13: 2734 daAuts
 Swamp:1: 2699 daAuts
Spider:2: 2406 daAuts
    D:14: 2308 daAuts
     D:9: 2173 daAuts
  Lair:5: 2034 daAuts
Spider:1: 1924 daAuts
Spider:4: 1891 daAuts
    D:11: 1868 daAuts
     D:8: 1596 daAuts
    D:10: 1449 daAuts
    D:15: 1438 daAuts
   Orc:2: 1417 daAuts
  Lair:3: 1344 daAuts
 Swamp:2: 1228 daAuts
